 Dungeon Crawl Stone Soup version 0.22.0 (webtiles) character file.

1248 Blackhawk the Shield-Bearer (level 8, 0/65 HPs)
             Began as a Formicid Fighter on Oct 24, 2018.
             Was an Initiate of Makhleb.
             Slain by Harold
             ... wielding a +2 glaive of venom
              (11 damage)
             ... on level 7 of the Dungeon.
             The game lasted 00:10:43 (5645 turns).

Blackhawk the Shield-Bearer (Formicid Fighter)      Turns: 5645, Time: 00:10:43

Health: 0/65       AC:  7    Str: 23    XL:     8   Next: 79%
Magic:  8/8        EV:  7    Int:  8    God:    Makhleb [......]
Gold:   369        SH: 17    Dex: 10    Spells: 7/7 levels left

rFire    . . .     SeeInvis +   a - +0 flail
rCold    . . .     Gourm    .   r - +1 large shield
rNeg     . . .     Faith    .   b - +0 scale mail
rPois    .         Spirit   .   (helmet unavailable)
rElec    .         Reflect  .   (no cloak)
rCorr    .         Harm     .   (no gloves)
MR       .....                  (no boots)
Stlth    ..........             (no amulet)
HPRegen  0.20/turn              (no ring)
MPRegen  0.11/turn              (no ring)

@: marked, flying
A: permanent stasis, dig shafts and tunnels, four strong arms, antennae 3
a: Dig, Shaft Self, Renounce Religion


You were on level 7 of the Dungeon.
You worshipped Makhleb.
Makhleb was noncommittal.
You were very hungry.

You visited 2 branches of the dungeon, and saw 8 of its levels.

You collected 369 gold pieces.

Inventory:

Hand Weapons
 a - a +0 flail (weapon)
 q - a +1 hunting sling
Missiles
 j - 130 stones (quivered)
Armour
 b - a +0 scale mail (worn)
 c - a +0 shield
 r - a +1 large shield (worn)
 v - a +1 leather armour of fire resistance
Wands
 g - a wand of digging (15)
 u - a wand of scattershot (7)
 x - a wand of flame (32)
Scrolls
 e - 3 scrolls of blinking
 h - 4 scrolls of teleportation
 k - a scroll of remove curse
 l - 7 scrolls of identify
 m - a scroll of random uselessness {unknown}
 p - a scroll of magic mapping
 s - a scroll of enchant armour
Potions
 d - 3 potions of might
 n - 2 potions of flight
 o - 3 potions of curing
 w - a potion of cancellation {unknown}
 z - a potion of magic {unknown}
 A - 2 potions of invisibility {unknown}
Comestibles
 f - 16 rations


   Skills:
 + Level 6.3 Fighting
 + Level 5.3 Maces & Flails
 + Level 6.3 Armour
 + Level 7.0 Shields


You had 7 spell levels left.
You didn't know any spells.
Your spell library contained the following spells:

 Spells                   Type           Power        Failure   Level  Hunger
 Magic Dart               Conj           #...         99%         1    ##.....
 Iskenderun's Mystic Bla  Conj           #.......     100%        4    #####..
 Fulminant Prism          Conj/Hex       #.........   100%        4    #####..
 Dazzling Spray           Conj/Hex       #.....       100%        3    ####...
 Force Lance              Conj/Tloc      #.......     100%        4    #####..
 Searing Ray              Conj           #.....       100%        2    ###....


Dungeon Overview and Level Annotations

Branches:
Dungeon (7/15)             Temple (1/1) D:5

Altars:
Ashenzari
Cheibriados
Dithmenos
Elyvilon
Fedhas
Gozag
Hepliaklqana
Kikubaaqudgha
Makhleb
Nemelex Xobeh
Okawaru
Qazlal
Ru
Sif Muna
Trog
Uskayaw
Vehumet
Wu Jian
Yredelemnul
Zin
The Shining One

Annotations:
D:7 Harold


Innate Abilities, Weirdness & Mutations

You cannot be hasted, slowed, berserked, paralysed or teleported.
You can dig through walls and to a lower floor.
Your four strong arms can wield two-handed weapons with a shield.
You have a pair of large antennae on your head. (SInv)


Message History

You hit Harold but do no damage.
Harold is severely wounded.
You feel sick. Harold hits you with a glaive of venom.
* * * LOW HITPOINT WARNING * * *
You are lethally poisoned!
It was a potion of flight.
You feel very buoyant.
You fly up into the air.
Harold points at you and mumbles some strange words.
The mark upon you grows brighter.
It was a potion of curing.
You feel better. You block Harold's attack.
Unknown command.
You barely miss Harold.
Harold is severely wounded.
Harold casts a spell at you. The mark upon you grows brighter.
Your shield prevents you from hitting Harold.
Harold is severely wounded.
Harold hits you with a glaive of venom!
You die...

#..##...## .......+
.....# ####+## ###
#..?#
#.....###.###...#
#..............#
#..<...........#
##.#......#.##'#
#############@#####.##
#..@.......
#.....)....
##..####.## #### {


You could see Harold.

Vanquished Creatures
  A sky beast (D:5)
  An ogre (D:4)
  A phantom (D:5)
  3 centaurs
  A bullfrog (D:6)
  3 scorpions
  2 hounds (D:5)
  4 orc wizards
  A bullfrog skeleton (D:4)
  An iguana (D:5)
  Ijyb (D:5)
  3 worker ants
  A hound skeleton (D:4)
  5 adders
  4 gnolls
  A shadow imp (D:6)
  3 oozes
  An adder skeleton (D:4)
  A worm (D:2)
  A dart slug (D:1)
  2 leopard geckos
  13 orcs
  7 bats
  5 giant cockroaches
  6 goblins
  3 hobgoblins
  12 jackals
  3 quokkas
  A ball python (D:3)
  4 frilled lizards
  A jackal skeleton (D:5)
  7 kobolds
  9 rats
112 creatures vanquished.

Notes
Turn   | Place    | Note
-------+----------+-------------------------------------------
     0 | D:1      | Blackhawk the Formicid Fighter began the quest for the Orb.
     0 | D:1      | Reached XP level 1. HP: 18/18 MP: 1/1
    74 | D:1      | Reached XP level 2. HP: 24/24 MP: 2/2
   217 | D:1      | Reached skill level 4 in Shields
   263 | D:1      | Reached XP level 3. HP: 23/29 MP: 3/3
   875 | D:2      | Reached XP level 4. HP: 36/37 MP: 4/4
  1503 | D:3      | Reached XP level 5. HP: 11/42 MP: 5/5
  1904 | D:3      | Found a white marble altar of Elyvilon.
  1929 | D:4      | Noticed a centaur
  1938 | D:3      | Reached skill level 5 in Shields
  1938 | D:3      | Reached XP level 6. HP: 37/49 MP: 6/6
  2343 | D:4      | Reached XP level 7. HP: 44/55 MP: 7/7
  2417 | D:4      | Reached skill level 5 in Fighting
  2527 | D:4      | Found a shadowy altar of Dithmenos.
  2549 | D:4      | Reached skill level 5 in Armour
  3126 | D:5      | Entered Level 5 of the Dungeon
  3230 | D:5      | Found a staircase to the Ecumenical Temple.
  3245 | Temple   | Entered the Ecumenical Temple
  3289 | Temple   | Became a worshipper of Makhleb the Destroyer
  3411 | D:5      | Reached skill level 6 in Shields
  3621 | D:5      | Reached XP level 8. HP: 60/63 MP: 8/8
  3667 | D:5      | Noticed Ijyb
  3681 | D:5      | Killed Ijyb
  4623 | D:6      | Reached skill level 5 in Maces & Flails
  5021 | D:6      | Reached skill level 7 in Shields
  5313 | D:6      | Found a deep blue altar of Sif Muna.
  5617 | D:7      | Noticed Harold
  5645 | D:7      | Slain by Harold

Skill      XL: |  1  2  3  4  5  6  7  8 |
---------------+-------------------------+-----
Shields        | 4 5 6 7 |  7.0
Fighting       | 4 5 6 |  6.3
Armour         | 4 5 6 |  6.3
Maces & Flails | 3 4 5 |  5.3

Action                   |  1- 3 |  4- 6 |  7- 9 || total
-------------------------+-------+-------+-------++-------
Melee: Flail             |    98 |   167 |   298 ||   563
  Use: Potion            |     1 |       |     2 ||     3
       Scroll            |       |       |     8 ||     8
  Eat: Chunk             |       |     5 |    10 ||    15
Armor: Scale mail        |    49 |    76 |    65 ||   190
Dodge: Dodged            |    25 |    53 |    39 ||   117
Block: Shield            |    57 |    58 |       ||   115
       Large shield      |       |    62 |   256 ||   318
